SL
BIRMINGHAM BARONS @ MOBILE BAYBEARS
08/26/2099
 
TOP OF THE 1ST
Birmingham Barons batting - Pitching for Mobile BayBears : RHP Jim Dillenback
Pitching: RHP Jim Dillenback
Batting: RHB John Iglesias 0-0: Called Strike
0-1: Foul Ball, location: 2F
0-2: Ground out 4-3 (Groundball, 4MD, EV 103.8 MPH)
Batting: RHB Henry Daniels 0-0: Ball
1-0: Fly out, F9 (Flyball, 9, EV 95.6 MPH)
Batting: LHB Bob Cozart 0-0: Ball
1-0: Foul Ball, location: 2F
1-1: Ball
2-1: Called Strike
2-2: Ball
3-2: Foul Ball, location: 5SF
3-2: Strikes out swinging
Top of the 1st over - 0 runs, 0 hits, 0 errors, 0 left on base; Birmingham 0 - Mobile 0
BOTTOM OF THE 1ST
Mobile BayBears batting - Pitching for Birmingham Barons : RHP Jordan Morales
Pitching: RHP Jordan Morales
Batting: SHB Roberto Ramos 0-0: Foul Ball, location: 25F
0-1: Ball
1-1: Called Strike
1-2: Fly out, F8 (Line Drive, 8LD, EV 103.1 MPH)
Batting: RHB Gregorio Gonzalez 0-0: Ball
1-0: Ball
2-0: SINGLE (Groundball, 4MD, EV 93.8 MPH)
Batting: RHB Joe Reese 0-0: Grounds into double play, 6-4-3 (Groundball, 56, EV 110.6 MPH)
Bottom of the 1st over - 0 runs, 1 hit, 0 errors, 0 left on base; Birmingham 0 - Mobile 0
TOP OF THE 2ND
Birmingham Barons batting - Pitching for Mobile BayBears : RHP Jim Dillenback
Batting: RHB Jonathan Rojas 0-0: Fly out, F8 (Flyball, 8RD, EV 96.3 MPH)
Batting: LHB Nelson Cervantes 0-0: Ball
1-0: Ground out 4-3 (Groundball, 4, EV 100.6 MPH)
Batting: RHB Bryce Spraggins 0-0: Swinging Strike
0-1: Ball
1-1: Called Strike
1-2: Foul Ball, location: 9LMF
1-2: SOLO HOME RUN (Flyball, 9LD, EV 95.6 MPH), Distance : 350 ft
Batting: RHB Jose Delgado 0-0: Foul Ball, location: 9LMF
0-1: Swinging Strike
0-2: Ball
1-2: Foul Ball, location: 2F
1-2: Ball
2-2: Ball
3-2: Strikes out swinging
Top of the 2nd over - 1 run, 1 hit, 0 errors, 0 left on base; Birmingham 1 - Mobile 0
BOTTOM OF THE 2ND
Mobile BayBears batting - Pitching for Birmingham Barons : RHP Jordan Morales
Batting: LHB Jose Leiva 0-0: Hit by Pitch
Batting: RHB Luke Cumberledge 0-0: Ball
1-0: Ball
2-0: Called Strike
2-1: Ball
3-1: Called Strike
3-2: Strikes out swinging
Jose Leiva is caught stealing 2nd base 2-4
Batter strikes out.
Batting: LHB Eric Northcutt 0-0: Foul Ball, location: 9LMFF
0-1: Ball
1-1: Ball
2-1: Foul Ball, location: 7LMF
2-2: Foul Ball, location: 5SF
2-2: Foul Ball, location: 9LSF
2-2: Strikes out swinging
Bottom of the 2nd over - 0 runs, 0 hits, 0 errors, 0 left on base; Birmingham 1 - Mobile 0
TOP OF THE 3RD
Birmingham Barons batting - Pitching for Mobile BayBears : RHP Jim Dillenback
Batting: RHB Bobby Richards 0-0: Ball
1-0: Called Strike
1-1: Called Strike
1-2: Foul Ball, location: 7LDF
1-2: Strikes out swinging, 2-3 out at first.
Batting: RHB Joe Schoeffler 0-0: Ball
1-0: Foul Ball, location: 23F
1-1: Ball
2-1: Ball
3-1: Reached on error, E6 (Groundball, 56, EV 87.5 MPH)
Batting: RHB John Iglesias 0-0: Called Strike
0-1: Ball
1-1: Foul Ball, location: 3FF
1-2: Ball
2-2: Strikes out looking
Batting: RHB Henry Daniels 0-0: Called Strike
0-1: Ball
1-1: Called Strike
1-2: Ball
2-2: Strikes out swinging
Top of the 3rd over - 0 runs, 0 hits, 1 error, 1 left on base; Birmingham 1 - Mobile 0
BOTTOM OF THE 3RD
Mobile BayBears batting - Pitching for Birmingham Barons : RHP Jordan Morales
Batting: RHB Keith Dougherty 0-0: Called Strike
0-1: Swinging Strike
0-2: Ball
1-2: Ball
2-2: Ball
3-2: Base on Balls
Batting: LHB Antonio Fores 0-0: Fly out, F8 (Line Drive, 8LM, EV 98.8 MPH)
Batting: RHB Mike Gregory 0-0: Ball
1-0: Foul Ball, location: 2F
1-1: SINGLE (Line Drive, 5D, EV 94.4 MPH)
Keith Dougherty to second
Batting: SHB Roberto Ramos 0-0: Ball
1-0: Called Strike
1-1: Foul Ball, location: 25F
1-2: Strikes out swinging
Batting: RHB Gregorio Gonzalez 0-0: Ball
1-0: Ball
2-0: Called Strike
2-1: Fly out, F3 (Popup, 3SF, EV 63.8 MPH)
Bottom of the 3rd over - 0 runs, 1 hit, 0 errors, 2 left on base; Birmingham 1 - Mobile 0
TOP OF THE 4TH
Birmingham Barons batting - Pitching for Mobile BayBears : RHP Jim Dillenback
Batting: LHB Bob Cozart 0-0: Ball
1-0: Called Strike
1-1: Ball
2-1: Called Strike
2-2: Ball
3-2: Foul Ball, location: 2F
3-2: Base on Balls
Batting: RHB Jonathan Rojas 0-0: Ball
1-0: Called Strike
1-1: Foul Ball, location: 9LMF
1-2: Strikes out swinging
Batting: LHB Nelson Cervantes 0-0: Ball
1-0: DOUBLE (Line Drive, 78M, EV 95.6 MPH)
Bob Cozart to third
Batting: RHB Bryce Spraggins 0-0: Called Strike
0-1: Ball
1-1: Called Strike
1-2: Ball
2-2: Foul Ball, location: 9LDF
2-2: Foul Ball, location: 3DF
2-2: Foul Ball, location: 9LDF
2-2: Strikes out swinging
Batting: RHB Jose Delgado 0-0: Foul Ball, location: 7LSF
0-1: Ball
1-1: Foul Ball, location: 9LMF
1-2: Ground out 4-3 (Groundball, 4, EV 92.5 MPH)
Top of the 4th over - 0 runs, 1 hit, 0 errors, 2 left on base; Birmingham 1 - Mobile 0
BOTTOM OF THE 4TH
Mobile BayBears batting - Pitching for Birmingham Barons : RHP Jordan Morales
Batting: RHB Joe Reese 0-0: Foul Ball, location: 9LDF
0-1: Ball
1-1: Swinging Strike
1-2: Ball
2-2: Foul Ball, location: 9LSF
2-2: SINGLE (Line Drive, 8LS, EV 88.8 MPH)
Batting: LHB Jose Leiva 0-0: Called Strike
0-1: Foul Ball, location: 7LDF
0-2: Ball
1-2: Foul Ball, location: 5SF
1-2: Ball
2-2: Ball
3-2: Foul Ball, location: 2F
3-2: SINGLE (Groundball, 4D, EV 106.9 MPH)
Joe Reese to second
Runner from 2nd tries for 3rd, SAFE, throw by CF made to third
Batting: RHB Luke Cumberledge 0-0: SINGLE (Line Drive, 9LS, EV 95.6 MPH)
Joe Reese scores
Jose Leiva to second
Batting: LHB Eric Northcutt 0-0: Fly out, F6 (Popup, 6MS, EV 67.5 MPH)
Batting: RHB Keith Dougherty 0-0: Swinging Strike
0-1: SINGLE (Line Drive, 5D, EV 94.4 MPH)
Jose Leiva to third
Luke Cumberledge to second
Runner from 3rd tries for Home, SAFE, throw by LF to home
Batting: LHB Antonio Fores 0-0: Called Strike
0-1: Foul Ball, location: 2F
0-2: Ball
1-2: Ball
2-2: Ground out U3 (Groundball, 34, EV 81.3 MPH)
Luke Cumberledge to third
Keith Dougherty to second
Batting: RHB Mike Gregory 0-0: Called Strike
0-1: Ball
1-1: Foul Ball, location: 2F
1-2: DOUBLE (Line Drive, 9LS, EV 90.6 MPH)
Luke Cumberledge scores
Keith Dougherty scores
Batting: SHB Roberto Ramos 0-0: Fly out, F7 (Flyball, 7LM, EV 92.5 MPH)
Bottom of the 4th over - 4 runs, 5 hits, 0 errors, 1 left on base; Birmingham 1 - Mobile 4
TOP OF THE 5TH
Birmingham Barons batting - Pitching for Mobile BayBears : RHP Jim Dillenback
Batting: RHB Bobby Richards 0-0: Ball
1-0: Ball
2-0: SINGLE (Line Drive, 8RS, EV 101.9 MPH)
Pitching: RHP Jim Unknown
Batting: RHB Joe Schoeffler 0-0: Ball
1-0: Ball
2-0: Called Strike
2-1: Called Strike
2-2: Grounds into double play, 6-4-3 (Groundball, 6, EV 107.5 MPH)
Batting: RHB John Iglesias 0-0: Ball
1-0: Ball
2-0: Ball
3-0: Called Strike
3-1: Foul Ball, location: 3SF
3-2: Foul Ball, location: 5F
3-2: Foul Ball, location: 7LSF
3-2: SINGLE (Line Drive, 78S, EV 96.9 MPH)
Batting: RHB Henry Daniels 0-0: Foul Ball, location: 7LMF
0-1: Called Strike
0-2: Ball
1-2: Ball
2-2: Foul Ball, location: 2F
2-2: Foul Ball, location: 5FF
2-2: Ball
3-2: Base on Balls
John Iglesias to second
Batting: LHB Bob Cozart 0-0: Called Strike
0-1: Foul Ball, location: 3F
0-2: Ball
1-2: Strikes out swinging
Top of the 5th over - 0 runs, 2 hits, 0 errors, 2 left on base; Birmingham 1 - Mobile 4
BOTTOM OF THE 5TH
Mobile BayBears batting - Pitching for Birmingham Barons : RHP Jordan Morales
Batting: RHB Gregorio Gonzalez 0-0: Called Strike
0-1: Foul Ball, location: 9LMF
0-2: Ground out 6-3 (Groundball, 6, EV 103.1 MPH)
Batting: RHB Joe Reese 0-0: Ground out 4-3 (Groundball, 4, EV 88.1 MPH)
Batting: LHB Jose Leiva 0-0: Ball
1-0: Fly out, F9 (Line Drive, 9, EV 96.3 MPH)
Bottom of the 5th over - 0 runs, 0 hits, 0 errors, 0 left on base; Birmingham 1 - Mobile 4
TOP OF THE 6TH
Birmingham Barons batting - Pitching for Mobile BayBears : RHP Jim Unknown
Batting: RHB Jonathan Rojas 0-0: Ground out 6-3 (Groundball, 6S, EV 81.9 MPH)
Batting: LHB Nelson Cervantes 0-0: Ball
1-0: Foul Ball, location: 9LMFF
1-1: Ball
2-1: Fly out, F9 (Flyball, 89D, EV 98.1 MPH)
Batting: RHB Bryce Spraggins 0-0: Foul Ball, location: 2F
0-1: Ball
1-1: Foul Ball, location: 2F
1-2: Ball
2-2: Ground out 5-3 (Groundball, 5L, EV 106.3 MPH)
Top of the 6th over - 0 runs, 0 hits, 0 errors, 0 left on base; Birmingham 1 - Mobile 4
BOTTOM OF THE 6TH
Mobile BayBears batting - Pitching for Birmingham Barons : RHP Jordan Morales
Batting: RHB Luke Cumberledge 0-0: Foul Ball, location: 3FF
0-1: Called Strike
0-2: Strikes out looking
Batting: LHB Eric Northcutt 0-0: Called Strike
0-1: SINGLE (Groundball, 56S, EV 73.8 MPH) (infield hit)
Batting: RHB Keith Dougherty 0-0: Ball
1-0: Ball
2-0: Ball
3-0: Called Strike
3-1: Base on Balls
Eric Northcutt to second
Batting: LHB Antonio Fores 0-0: Ball
1-0: Foul Ball, location: 9LDF
1-1: Foul Ball, location: 5SF
1-2: Ball
2-2: Ball
3-2: Fly out, F9 (Flyball, 9, EV 98.1 MPH)
Batting: RHB Mike Gregory 0-0: Ball
1-0: Fielders Choice at 2nd, 6-4 (Groundball, 56, EV 86.9 MPH)
Bottom of the 6th over - 0 runs, 1 hit, 0 errors, 2 left on base; Birmingham 1 - Mobile 4
TOP OF THE 7TH
Birmingham Barons batting - Pitching for Mobile BayBears : RHP Jim Unknown
Batting: RHB Jose Delgado 0-0: Foul Ball, location: 5DF
0-1: Foul Ball, location: 9LSF
0-2: Ball
1-2: Strikes out swinging
Batting: RHB Bobby Richards 0-0: Ball
1-0: Foul Ball, location: 9LDF
1-1: Ball
2-1: Swinging Strike
2-2: Strikes out swinging
Batting: RHB Joe Schoeffler 0-0: Ball
1-0: Ball
2-0: Swinging Strike
2-1: Ball
3-1: Base on Balls
Batting: RHB John Iglesias Pickoff Throw to First - Out! 1-3
Top of the 7th over - 0 runs, 0 hits, 0 errors, 0 left on base; Birmingham 1 - Mobile 4
BOTTOM OF THE 7TH
Mobile BayBears batting - Pitching for Birmingham Barons : RHP Jordan Morales
Batting: SHB Roberto Ramos 0-0: Called Strike
0-1: Ground out 3-1 (Groundball, 34S, EV 86.9 MPH)
Batting: RHB Gregorio Gonzalez 0-0: Ball
1-0: Fly out, F7 (Flyball, 7, EV 89.4 MPH)
Batting: RHB Joe Reese 0-0: Ball
1-0: Ball
2-0: Swinging Strike
2-1: Called Strike
2-2: Ball
3-2: SOLO HOME RUN (Flyball, 7LD, EV 99.4 MPH), Distance : 372 ft
Pitching: RHP Mike Mullis
Batting: LHB Jose Leiva 0-0: Called Strike
0-1: Called Strike
0-2: Ball
1-2: Ground out 6-3 (Groundball, P, EV 83.1 MPH)
Bottom of the 7th over - 1 run, 1 hit, 0 errors, 0 left on base; Birmingham 1 - Mobile 5
TOP OF THE 8TH
Birmingham Barons batting - Pitching for Mobile BayBears : RHP Jim Unknown
Batting: RHB John Iglesias 0-0: Ball
1-0: Foul Ball, location: 2F
1-1: Foul Ball, location: 2F
1-2: Ball
2-2: Ball
3-2: Foul Ball, location: 9LMF
3-2: Foul Ball, location: 2F
3-2: Ground out 6-3 (Groundball, P, EV 84.4 MPH)
Pitching: LHP Jim Unknown
Batting: RHB Henry Daniels 0-0: Ball
1-0: Foul Ball, location: 9LDF
1-1: Foul Ball, location: 5F
1-2: Foul Ball, location: 2F
1-2: Strikes out swinging
Batting: LHB Bob Cozart 0-0: Ball
1-0: Foul Ball, location: 5F
1-1: Fly out, F5 (Popup, 56S, EV 80.6 MPH)
Top of the 8th over - 0 runs, 0 hits, 0 errors, 0 left on base; Birmingham 1 - Mobile 5
BOTTOM OF THE 8TH
Mobile BayBears batting - Pitching for Birmingham Barons : RHP Mike Mullis
Batting: RHB Luke Cumberledge 0-0: Called Strike
0-1: SINGLE (Line Drive, 4MD, EV 109.4 MPH)
Batting: LHB Eric Northcutt 0-0: Called Strike
0-1: Foul Ball, location: 7LSF
0-2: Ball
1-2: Strikes out swinging
Batting: RHB Keith Dougherty 0-0: Foul Ball, location: 25F
0-1: Foul Ball, location: 9LDF
0-2: Ball
1-2: Ball
2-2: Foul Ball, location: 23F
2-2: Ball
3-2: Foul Ball, location: 2F
3-2: Base on Balls
Luke Cumberledge to second
Batting: LHB Antonio Fores 0-0: Fly out, F8 (Line Drive, 8LS, EV 89.4 MPH)
Batting: RHB Mike Gregory 0-0: Ball
1-0: Fly out, F8 (Flyball, 78D, EV 97.5 MPH)
Bottom of the 8th over - 0 runs, 1 hit, 0 errors, 2 left on base; Birmingham 1 - Mobile 5
TOP OF THE 9TH
Birmingham Barons batting - Pitching for Mobile BayBears : LHP Jim Unknown
Batting: RHB Jonathan Rojas 0-0: Ball
1-0: Foul Ball, location: 23FF
1-1: Ball
2-1: Foul Ball, location: 3F
2-2: Ball
3-2: Single, Error in OF, E8, batter to second base (Line Drive, 8LS, EV 101.9 MPH)
Batting: LHB Nelson Cervantes 0-0: Called Strike
0-1: Swinging Strike
0-2: Ball
1-2: Strikes out swinging
Batting: RHB Bryce Spraggins 0-0: Called Strike
0-1: Ball
1-1: DOUBLE (Groundball, 3L, EV 102.5 MPH)
Jonathan Rojas scores
Batting: RHB Jose Delgado 0-0: Foul Ball, location: 7LDF
0-1: Ball
1-1: Called Strike
1-2: Ball
2-2: Ball
3-2: Foul Ball, location: 2RF
3-2: Base on Balls
Batting: RHB Bobby Richards 0-0: Ball
1-0: Called Strike
1-1: Foul Ball, location: 9LSF
1-2: Strikes out swinging
Pinch Hitting: RHB Jesse Rhodes 0-0: 3-RUN HOME RUN (Flyball, 78XD, EV 103.1 MPH), Distance : 415 ft
Pitching: RHP Jim Unknown
Batting: RHB John Iglesias 0-0: Called Strike
0-1: Foul Ball, location: 2F
0-2: Ball
1-2: Ball
2-2: Ball
3-2: Foul Ball, location: 2F
3-2: Foul Ball, location: 5F
3-2: SOLO HOME RUN (Flyball, 9D, EV 103.8 MPH), Distance : 390 ft
Batting: RHB Henry Daniels 0-0: Ball
1-0: Foul Ball, location: 3F
1-1: Swinging Strike
1-2: Ball
2-2: SINGLE (Groundball, 56D, EV 103.1 MPH)
Batting: LHB Bob Cozart 0-0: Swinging Strike
0-1: Swinging Strike
0-2: Ball
1-2: SINGLE (Flyball, 5D, EV 85.6 MPH)
Henry Daniels to second
Batting: RHB Jonathan Rojas 0-0: Ball
1-0: Foul Ball, location: 2F
1-1: Foul Ball, location: 5F
1-2: Foul Ball, location: 9LSF
1-2: Ground out 4-3 (Groundball, 4, EV 99.4 MPH)
Top of the 9th over - 5 runs, 6 hits, 1 error, 2 left on base; Birmingham 6 - Mobile 5
BOTTOM OF THE 9TH
Mobile BayBears batting - Pitching for Birmingham Barons : RHP Mike Mullis
Pitching: RHP Josh Ambro
Now at SS: Will Doty
Now in LF: Zachary Johnson
Batting: SHB Roberto Ramos 0-0: SINGLE (Flyball, 4D, EV 90.0 MPH)
Batting: RHB Gregorio Gonzalez 0-0: Foul Ball, location: 5FF
0-1: Foul Ball, location: 9LDF
0-2: Ball
1-2: Grounds into double play, 6-4-3 (Groundball, 6, EV 89.4 MPH)
Batting: RHB Joe Reese 0-0: Ball
1-0: Called Strike
1-1: Ball
2-1: Called Strike
2-2: Foul Ball, location: 2F
2-2: Strikes out swinging
Bottom of the 9th over - 0 runs, 1 hit, 0 errors, 0 left on base; Birmingham 6 - Mobile 5
Thursday, May 16th , 2024 - OOTP Baseball 24.11 Build 85